 Dungeon Crawl Stone Soup version 0.30-a0-918-g0ff054e9dc (webtiles) character file.

Game seed: 16709888629129021091

6389 Iniera the Spear-Bearer (level 10, -18/64 HPs)
             Began as a Gargoyle Fighter on Mar 20, 2023.
             Hit by a large rock thrown by a cyclops (30 damage)
             ... on level 7 of the Dungeon.
             The game lasted 00:11:48 (7246 turns).

Iniera the Spear-Bearer (Gargoyle Fighter)          Turns: 7246, Time: 00:11:49

Health: -18/64     AC: 26    Str: 30    XL:     10   Next: 97%
Magic:  10/10      EV:  7    Int:  9    God:
Gold:   377        SH:  0    Dex:  9    Spells: 9/9 levels left

rFire   . . .      SeeInvis .    w - +1 bardiche
rCold   . . .      Faith    .    (shield currently unavailable)
rNeg    + . .      Spirit   .    s - +0 plate armour
rPois   ∞          Reflect  .    f - +2 helmet
rElec   +          Rampage  .    g - +0 cloak
rCorr   .                        e - +1 pair of gloves
Will    .....                    t - +0 pair of boots Stlth
                                 (no amulet)
HPRegen 0.30/turn                m - +6 ring of strength
MPRegen 0.12/turn                (no ring)

@: no status effects
A: sickness immunity, AC +7, negative energy resistance 1, electricity
resistance, torment resistance 1, petrification resistance
a: no special abilities


You were on level 7 of the Dungeon.
You visited 2 branches of the dungeon, and saw 9 of its levels.

You collected 377 gold pieces.

Inventory:

Hand Weapons
 a - a +0 trident
 p - a +0 glaive
 w - a +1 bardiche (weapon)
Missiles
 y - a throwing net (quivered)
Armour
 e - a +1 pair of gloves (worn)
 f - a +2 helmet (worn)
 g - a +0 cloak (worn)
 s - a +0 plate armour (worn)
 t - a +0 pair of boots (worn)
Jewellery
 m - a +6 ring of strength (left hand)
Wands
 l - a wand of roots (12)
 o - a wand of polymorph (4)
 v - a wand of light (16)
Scrolls
 c - 3 scrolls of identify
 j - 2 scrolls of fog
 k - a scroll of amnesia
 u - a scroll of magic mapping
 x - a scroll of teleportation
Potions
 b - a potion of ambrosia
 d - 3 potions of might
 h - a potion of brilliance
 i - a potion of attraction
 n - 8 potions of curing
 r - a potion of haste


   Skills:
 - Level 8.3 Fighting
 * Level 13.5 Polearms
 + Level 3.2 Armour
 - Level 3.2 Shields
 + Level 0.0 Invocations


You had 9 spell levels left.
You didn't know any spells.
Your spell library contained the following spells:

 Spells                   Type           Power      Damage    Failure   Level
 Freeze                   Ice            0%         1d3       99%         1
 Lesser Beckoning         Tloc           0%         N/A       100%        2
 Poisonous Vapours        Pois/Air       0%         N/A       100%        2
 Frozen Ramparts          Ice            0%         1d1       100%        3
 Gell's Gravitas          Tloc           0%         N/A       100%        3
 Hailstorm                Conj/Ice       0%         3d3       100%        3
 Mephitic Cloud           Conj/Pois/Air  0%         N/A       100%        3
 Teleport Other           Tloc           0%         N/A       100%        3
 Manifold Assault         Tloc           0%         N/A       100%        4
 Dispersal                Tloc           0%         N/A       100%        6
 Disjunction              Tloc           0%         N/A       100%        8
 Cigotuvi's Dreadful Rot  Necr/Pois/Air  Unusable   N/A       N/A         2

Dungeon Overview and Level Annotations

Branches:
Dungeon (8/15)             Temple (1/1) D:6
   Lair: D:8-11

Altars:
Ashenzari
Cheibriados
Dithmenos
Elyvilon
Fedhas
Gozag
Hepliaklqana
Kikubaaqudgha
Makhleb
Nemelex Xobeh
Okawaru
Ru
Sif Muna
Trog
Vehumet
Wu Jian
Xom
Zin
The Shining One


Innate Abilities, Weirdness & Mutations

You are immune to sickness and miasma.
Your stone body is resilient. (AC +7)
You are immune to poison.
You resist negative energy. (rN+)
You are resistant to electric shocks. (rElec)
You are resistant to unholy torment.
You are immune to petrification.


Message History

The arrow freezes you.
The skeletal warrior shoots an arrow.
The arrow hits you but does no damage.
You reach to attack!
You hit the skeletal warrior.
The skeletal warrior is lightly damaged.
A boulder beetle comes into view.
You hit the skeletal warrior but do no damage.
The skeletal warrior is lightly damaged.
The boulder beetle leaps!
The skeletal warrior unwields a +2 shortbow of freezing.
The skeletal warrior wields a +0 halberd.
The skeletal warrior hits you with a +0 halberd!
You slice the skeletal warrior!!
The skeletal warrior is heavily damaged.
The cyclops closely misses you.
The skeletal warrior hits you but does no damage.
You barely miss the skeletal warrior.
The skeletal warrior is heavily damaged.
The skeletal warrior hits you but does no damage.
The cyclops hits you!
The boulder beetle leaps!
You slice the skeletal warrior!!
The skeletal warrior is severely damaged.
The skeletal warrior hits you with a +0 halberd!!
* * * LOW HITPOINT WARNING * * *
The cyclops hits you.
* * * LOW HITPOINT WARNING * * *
The skeletal warrior hits you with a +0 halberd.
* * * LOW HITPOINT WARNING * * *
You feel much better. The cyclops barely misses you.
The skeletal warrior hits you but does no damage.
The skeletal warrior unwields a +0 halberd.
The skeletal warrior wields a +2 shortbow of freezing.
It is covered in frost.
The skeletal warrior shoots an arrow.
The arrow hits you. The arrow freezes you.
The cyclops throws a large rock.
The large rock completely misses you.
The skeletal warrior shoots an arrow.
The arrow hits you!
* * * LOW HITPOINT WARNING * * *
The arrow freezes you.
* * * LOW HITPOINT WARNING * * *
The cyclops throws a large rock.
The large rock hits you!!
You die...

.##......##.............#######
.#......#.........##....#.....###
................##...............
....###.#####################.###
..#.# ♣.♣ ..# ♣♣)♣♣ #...#♣♣.♣♣#
♣.' #♣...♣# ...##..♣)§# ♣B#
#.....# ....#♣♣§♣♣#.♣C######
#♣...♣# ....# ♣)♣ #.z...@..#
♣♣.♣♣# ....##♣.♣ ########.# ♣.♣ #
.<..#...♣ ♣♣.♣ ♣♣.♣ # ....#.♣♣♣♣#
♣♣..♣♣ ♣.♣♣ # ....#.....#
♣♣....♣♣ ♣♣.♣♣# ....#♣♣♣♣.#
♣♣..♣♣..♣♣ ♣♣♣.♣# ...##.....#
♣♣..♣♣♣♣..♣♣ #♣...♣#
....#.♣♣♣♣#♣♣..♣###♣♣..♣♣ #.###.#
....#...))♣♣..♣##.##♣♣..♣♣♣.#.#.#


You could see a skeletal warrior and a cyclops.

Vanquished Creatures
  2 cyclopes (D:7)
  An unseen horror (D:7)
  Grinder (D:6)
  A troll (D:7)
  2 yaks (D:7)
  Eustachio (D:6)
  Edmund (D:5)
  Menkaure (D:5)
  3 steam dragons (D:7)
  Duvessa (D:5)
  2 water moccasins
  2 orc warriors
  2 ice beasts (D:7)
  3 sky beasts (D:7)
  3 black bears
  4 centaurs (D:7)
  5 phantoms
  3 bullfrogs (D:7)
  A gnoll sergeant (D:7)
  A wyvern zombie (D:5)
  A water moccasin zombie (D:5)
  2 jellies
  2 scorpions
  A wight (D:7)
  Dowan (D:5)
  2 killer bees (D:7)
  A centaur zombie (D:5)
  5 bullfrog zombies (D:5)
  5 orc priests
  3 hounds
  2 sleepcaps
  3 bullfrog skeletons (D:5)
  Crazy Yiuf (D:3)
  5 iguanas
  2 scorpion zombies (D:5)
  Natasha (D:3)
  4 orc wizards
  A killer bee zombie (D:5)
  A hound zombie (D:5)
  A hound skeleton (D:5)
  A mummy (D:6)
  4 gnolls
  10 adders
  4 white imps
  2 ufetubi
  An adder zombie (D:5)
  3 worms (D:2)
  3 dart slugs
  27 orcs
  5 endoplasms
  3 giant cockroaches
  9 goblins
  7 hobgoblins
  3 quokkas
  8 ball pythons
  8 bats
  3 frilled lizards
  A goblin zombie (D:6)
  A hobgoblin zombie (D:6)
  11 kobolds
  4 rats
202 creatures vanquished.

Vanquished Creatures (others)
  3 orcs (D:7)
  2 fungi (D:3)
  10 plants
  4 withered plants (D:5)
19 creatures vanquished.

Grand Total: 221 creatures vanquished

Notes
Turn   | Place    | Note
-------+----------+-------------------------------------------
     0 | D:1      | Iniera the Gargoyle Fighter began the quest for the Orb.
     0 | D:1      | Reached XP level 1. HP: 14/14 MP: 1/1
    88 | D:1      | Reached skill level 2 in Polearms
   157 | D:1      | Reached XP level 2. HP: 19/19 MP: 2/2
   329 | D:1      | Reached skill level 3 in Polearms
   375 | D:1      | Reached XP level 3. HP: 23/23 MP: 3/3
   919 | D:2      | Found an ancient bone altar of Kikubaaqudgha.
  1029 | D:2      | Reached XP level 4. HP: 28/28 MP: 4/4
  1073 | D:2      | Reached skill level 4 in Polearms
  1425 | D:3      | Found a runed translucent door.
  1426 | D:3      | Noticed Crazy Yiuf
  1432 | D:3      | Killed Crazy Yiuf
  1512 | D:3      | Reached XP level 5. HP: 31/32 MP: 5/5
  1587 | D:3      | Found a blossoming altar of Fedhas.
  1840 | D:3      | Noticed Natasha
  1854 | D:3      | Killed Natasha
  1855 | D:3      | Reached skill level 5 in Polearms
  1922 | D:3      | Reached XP level 6. HP: 38/38 MP: 6/6
  2100 | D:3      | Found a faded altar of an unknown god.
  2170 | D:3      | Found a glowing golden altar of the Shining One.
  2490 | D:4      | Found a shadowy altar of Dithmenos.
  2541 | D:4      | Found a white marble altar of Elyvilon.
  3008 | D:4      | Found a broken altar of Ashenzari.
  3022 | D:4      | You fall into a shaft and drop 2 floors!
  3064 | D:6      | Found an opulent altar of Gozag.
  3087 | D:6      | Reached XP level 7. HP: 39/44 MP: 7/7
  3092 | D:5      | Entered Level 5 of the Dungeon
  3097 | D:5      | Reached skill level 5 in Fighting
  3097 | D:5      | Reached skill level 6 in Polearms
  3269 | D:6      | Noticed Eustachio
  3289 | D:6      | Killed Eustachio
  3290 | D:6      | Reached skill level 7 in Polearms
  3304 | D:6      | Reached XP level 8. HP: 31/51 MP: 8/8
  3611 | D:6      | Found a staircase to the Ecumenical Temple.
  3620 | Temple   | Entered the Ecumenical Temple
  3730 | D:6      | Found an ornate altar of the Wu Jian Council.
  3945 | D:4      | Reached skill level 8 in Polearms
  3952 | D:4      | Identified the +1 leather armour of the Volcano {rN+ rCorr}
  3987 | D:4      | Found a bloodstained altar of Trog.
  4279 | D:5      | Found an iron altar of Okawaru.
  4431 | D:5      | Reached skill level 9 in Polearms
  4461 | D:5      | Noticed Menkaure
  4474 | D:5      | Killed Menkaure
  4475 | D:5      | Reached XP level 9. HP: 32/55 MP: 9/9
  4594 | D:5      | Reached skill level 10 in Polearms
  4735 | D:5      | Noticed Edmund
  4754 | D:5      | Killed Edmund
  4925 | D:5      | Noticed Duvessa
  4926 | D:5      | Noticed Dowan
  4931 | D:5      | Killed Duvessa
  4936 | D:5      | Killed Dowan
  5513 | D:6      | Noticed Grinder
  5518 | D:6      | Killed Grinder
  5519 | D:6      | Reached skill level 11 in Polearms
  6032 | D:7      | Reached XP level 10. HP: 60/60 MP: 10/10
  6057 | D:7      | Reached skill level 12 in Polearms
  6284 | D:7      | Noticed a cyclops
  6302 | D:7      | Killed a cyclops
  6355 | D:7      | Identified the +1 mace "Kitworph" {heavy, rC+ rCorr}
  6504 | D:7      | Reached skill level 13 in Polearms
  6636 | D:7      | Noticed a cyclops
  6644 | D:7      | Killed a cyclops
  7065 | D:7      | Killed an unseen horror
  7234 | D:7      | Noticed a skeletal warrior
  7236 | D:7      | Noticed a cyclops
  7238 | D:7      | Noticed a boulder beetle
  7246 | D:7      | Hit by a large rock thrown by a cyclops

Illustrated notes

Levels and vault maps discovered:
D:1:      dpeg_arrival_rhombi, layout_rooms
D:2:      minmay_kobold_bridge, layout_basic, basic_altar, minmay_tromino_v4_b
D:3:      layout_basic, mainiacjoe_overflow_chevrons, lemuel_round_altar,
          shapermc_ecumenical_altar_mp_urbaneastern, uniq_natasha,
          uniq_crazy_yiuf_cottage
D:4:      layout_loops_cross, kennysheep_little_box,
          gammafunk_temple_overflow_forgotten, grunt_ministairs_11,
          kennysheep_generic_room_12
D:5:      layout_gridville, okawaru_ov_weapons_minmay, serial_undead,
          serial_undead_a, serial_undead_b, serial_undead_c, serial_undead_b,
          serial_undead_f, serial_undead_e, serial_undead_e, serial_undead_f,
          serial_undead_b, serial_undead_a, due_unseen_surprise, uniq_menkaure,
          uniq_edmund, uniq_duvessa
D:6:      layout_rooms, nzn_wu_jian_council_hall, grunt_gozag_statues,
          minmay_temple_entry_statues_pillars, nicolae_ossuary_entry_giza,
          dk_noncrumbling_2, roderic_roman_lattice, grunt_ministairs_1,
          uniq_eustachio, uniq_grinder
D:7:      nzn_winding_woodlands_large [nzn_winding_woodlands_5x5_open_star,
          nzn_winding_woodlands_5x15_cabin, nzn_winding_woodlands_5x5_default,
          nzn_winding_woodlands_center_lodge,
          nzn_winding_woodlands_15x15_thick_spiral,
          nzn_winding_woodlands_center_garden, nzn_winding_woodlands_5x5_cross,
          nzn_winding_woodlands_5x15_sidewinder,
          nzn_winding_woodlands_5x5_perimeter], layout_cave_pools
D:8:      layout_basic, nicolae_uskayaw_suspiria,
          nicolae_yredelemnul_ghost_church, lair_entry_dummy, serial_glass,
          glass_columns_a, glass_columns_a, glass_columns_b, glass_columns_b,
          chequers_serial_rivers_room_a
Temple:   zaba_magenta_temple

Skill      XL: |  1  2  3  4  5  6  7  8  9 10 |
---------------+-------------------------------+-----
Polearms       | 2 3 4 5 7 9 11 13 | 13.5
Fighting       | 4 6 8 |  8.3
Armour         | |  3.2
Shields        | |  3.2

Action                     |  1- 3 |  4- 6 |  7- 9 | 10-12 || total
---------------------------+-------+-------+-------+-------++-------
  Melee: Trident           |   124 |   225 |   119 |       ||   468
         Glaive            |       |       |   148 |       ||   148
         Bardiche          |       |       |    71 |   143 ||   214
    Use: Scroll            |     4 |     8 |     9 |     1 ||    22
         Potion            |       |       |       |     1 ||     1
   Stab: Distracted        |       |     1 |       |       ||     1
 Armour: Scale mail        |    43 |   102 |       |       ||   145
         Plate armour      |       |    22 |   379 |   194 ||   595
         Chain mail        |       |     2 |       |       ||     2
  Dodge: Dodged            |    47 |    86 |   174 |    63 ||   370
  Block: Buckler           |    13 |    28 |    23 |       ||    64

Table legend: (Time is in decaauts)
 A = Elapsed time spent in this place.
 B = Non-inter-level travel time spent in this place.
 C = Inter-level travel time spent in this place.
 D = Time resting spent in this place.
 E = Time spent auto-exploring this place.
 F = Levels seen in this place.
 G = Mean time per level.
                   A        B        C        D        E       F      G
               +--------+--------+--------+--------+--------+-----+--------+
         Total |   7402 |   7175 |    227 |    627 |   4717 |   9 |  822.4 |
       Dungeon |   7328 |   7120 |    208 |    627 |   4667 |   8 |  916.0 |
        Temple |     73 |     54 |     19 |      0 |     50 |   1 |   73.0 |
               +--------+--------+--------+--------+--------+-----+--------+

Top non-repeatable levels by time:
     D:7: 1528 daAuts
     D:5: 1440 daAuts
     D:3: 1108 daAuts
     D:6: 886 daAuts
     D:2: 845 daAuts
     D:4: 841 daAuts
     D:1: 586 daAuts
     D:8: 91 daAuts
  Temple: 73 daAuts
